cohdb
Replays
Latest Replays
All Replays
Popular Replays
Top Player Replays
Match Explorer
How It Works
Community
CoH3 Stats
Reddit
Sign in to upload your games and track your stats! →
Sign in with Steam
Match 44259831
Unlisted
Match 44259831
Overview
Messages
Build Orders
End
Selects Armored Battlegroup
Selects Assault Engineers
Assault Engineer Squad
Construct Weapon Support Center
M1919 Machine Gun Team
Assault Engineer Squad
Assault Engineer Squad
Construct Medical Station
Infantry Support Center
Selects Fast Deploy
Selects Field Repairs
Construct Motor Pool
Mortar Pit
Mortar Pit
M24 Chaffee Light Tank
Mortar Pit
M24 Chaffee Light Tank
Selects War Machine
M24 Chaffee Light Tank
M24 Chaffee Light Tank
Assault Engineer Squad
Field Repairs
Selects Seek and Destroy
Selects UNKNOWN (2160077)
Construct Tank Depot
Assault Engineer Squad
Assault Engineer Squad
Dahlian
Bish Bash Bosh
Humbarwhy
Phan
SoldMyDad
cumsader
0
0
Comments
sign in to comment!
No comments posted yet!